 Dungeon Crawl Stone Soup version 0.31-a0-193-gdfe2569204 (webtiles) character file.

Game seed: 13755879126299710178

44 qw the Shooter (level 3, 0/20 HPs)
             Began as a Deep Elf Hunter on June 24, 2023.
             Slain by a goblin
             ... wielding a +0 mace
             ... led by Robin
              (6 damage)
             ... on level 3 of the Dungeon.
             The game lasted 00:00:29 (1757 turns).

qw the Shooter (Deep Elf Hunter)                    Turns: 1757, Time: 00:00:29

Health: 0/20       AC:  4    Str:  8 (10) XL:     3   Next: 41%
Magic:  5/5        EV: 12    Int: 12 (13) God:
Gold:   87         SH:  5    Dex: 16 (18) Spells: 2/2 levels left

rFire   . . .        Y - +0 shortbow
rCold   . . .        (shield currently unavailable)
rNeg    + . .        c - +0 leather armour
rPois   .            (no helmet)
rElec   .            g - +0 cloak
rCorr   .            (no gloves)
SInv    .            (no boots)
Will    .....        a - amulet of reflection
Stlth   ++           k - ring of positive energy
HPRegen 0.23/turn    (no ring)
MPRegen 0.09/turn

%: reflection
@: no status effects
A: no striking features
a: no special abilities


You were on level 3 of the Dungeon.
You visited 1 branch of the dungeon, and saw 3 of its levels.

You collected 87 gold pieces.


   Skills:
 - Level 1.5 Fighting
 + Level 7.0 Ranged Weapons
 - Level 2.4 Dodging
 - Level 1.2 Stealth


You had 2 spell levels left.
You didn't know any spells.
Your spell library was empty.

Inventory:

Hand Weapons
 Y - a +0 shortbow (weapon)
Armour
 c - a +0 leather armour (worn)
 g - a +0 cloak (worn)
Jewellery
 a - an amulet of reflection (around neck)
 k - a ring of positive energy (left hand)
Scrolls
 b - a scroll of enchant armour {unknown}
Potions
 e - a potion of berserk rage {unknown}
 f - a potion of ambrosia {unknown}
 h - a potion of lignification {unknown}
 j - a potion of curing

Dungeon Overview and Level Annotations

Branches:
Dungeon (3/15)

Altars:

Annotations:
D:3 Robin


Message History

You kill the hobgoblin!
Robin throws the goblin at you! The goblin hits you with a +0 dagger.
You block the goblin's attack. The goblin hits you with a +0 mace.
Your Ranged Weapons skill increases to level 7!
You shoot an arrow. The arrow closely misses the adder.
The adder closely misses you. The goblin barely misses you.
The goblin completely misses you.
Robin roars a battlecry!
The goblins go into a battle-frenzy!
The goblin hits you with a +0 club.
A goblin comes into view. It is wielding a +0 club. x2
The adder misses you.
You shoot an arrow. The arrow misses the adder.
The goblin hits you but does no damage. The goblin closely misses you.
The goblin barely misses you. The adder bites you but does no damage.
You shoot an arrow. The arrow hits the adder.
The adder is heavily wounded.
The adder misses you. The goblin hits you with a +0 club.
The goblin hits you but does no damage.
A goblin comes into view. It is wielding a +0 dagger.
You shoot an arrow. The arrow barely misses the adder.
The adder bites you but does no damage. The goblin hits you with a +0 dagger.
The goblin barely misses you. You block the goblin's attack.
The adder bites you but does no damage.
You shoot an arrow. The arrow closely misses the adder.
You block the goblin's attack. The goblin closely misses you.
The goblin misses you. The adder closely misses you.
You shoot an arrow.
The arrow hits the adder but does no damage.
The adder is heavily wounded.
The adder misses you.
Robin says, "Bow before me, strongest of all the hobgoblins!"
The goblin barely misses you. The goblin closely misses you.
The goblin hits you but does no damage. The adder barely misses you.
You shoot an arrow. The arrow misses the adder.
The goblin barely misses you. x2; You block the goblin's attack.
The adder bites you.
Robin says, "Duck!"
The goblin hits you with a +0 mace.
You die...

#..#>#....#.7...7.#
..........#.......#
.[........#.7...7.#
.
#####.<...#.)...%.#
). #.....####.####
... ##.####....# gg
###.######..# ##g#
#...#.#####.##ggg#
#...#.#.....#@S#
#..|'.#....>gg##
#...#.'........#
#...###.....##.#
#...# #........#
#...# #####....#
#...# #...## #...#
8...8 #.... #. .#


You could see Robin, an adder, a hobgoblin (strong) and 6 goblins.

Vanquished Creatures
  2 dart slugs (D:2)
  4 endoplasms
  4 giant cockroaches
  3 hobgoblins
  3 jackals (D:1)
  3 ball pythons
  4 bats
  5 frilled lizards
  3 goblins
  3 kobolds
  4 rats
38 creatures vanquished.

Notes
Turn   | Place    | Note
-------+----------+-------------------------------------------
     0 | D:1      | qw the Deep Elf Hunter began the quest for the Orb.
     0 | D:1      | Reached XP level 1. HP: 12/12 MP: 3/3
     0 | D:1      | 0 ||| qw: Version: 0.3-a-9-g12657ce
     0 | D:1      | 0 ||| qw: Game counter: 4679
     0 | D:1      | 0 ||| qw: Always use a shield: true
     0 | D:1      | 0 ||| qw: God list: Okawaru
     0 | D:1      | 0 ||| qw: Allow faded altars: false
     0 | D:1      | 0 ||| qw: Do Orc after D:15 true
     0 | D:1      | 0 ||| qw: Do second Lair branch before Depths: true
     0 | D:1      | 0 ||| qw: Lair rune preference: random
     0 | D:1      | 0 ||| qw: Plans: Normal
     0 | D:1      | 0 ||| PLANNING D:1-11
   356 | D:1      | Reached XP level 2. HP: 16/16 MP: 4/4
   365 | D:1      | Reached skill level 6 in Ranged Weapons
   694 | D:1      | HP: 4/16 [jackal (3)]
   940 | D:1      | 940 ||| UPGRADING to +0 cloak.
   945 | D:1      | 945 ||| READING scroll labelled YLUTTA EL CUM.
   946 | D:1      | 946 ||| READING scroll labelled BOAXI JA WOGESU.
   947 | D:1      | 947 ||| DROPPING scroll of butterflies.
  1090 | D:2      | Reached XP level 3. HP: 16/20 MP: 5/5
  1632 | D:2      | 1632 ||| DROPPING scarf of invisibility.
  1633 | D:2      | 1633 ||| UPGRADING to amulet of reflection.
  1638 | D:2      | 1638 ||| UPGRADING to ring of positive energy.
  1639 | D:2      | 1639 ||| READING scroll labelled HOAFFO IMIGG.
  1644 | D:2      | 1644 ||| DRINKING 2 murky golden potions.
  1645 | D:2      | 1645 ||| DRINKING 2 viscous purple potions.
  1646 | D:2      | 1646 ||| DROPPING potion of degeneration.
  1743 | D:3      | Noticed Robin
  1751 | D:3      | Reached skill level 7 in Ranged Weapons
  1757 | D:3      | Slain by a goblin

Levels and vault maps discovered:
D:1:      dpeg_arrival_round_c, layout_loops_corners, grunt_decor_resistance
D:2:      cheibrodos_helix_gallery, layout_loops_cross
D:3:      layout_basic, riverfiend_overflow_shadow_ancestor,
          grunt_gozag_breadcrumbs, lightli_temple_of_fire,
          hellmonk_ecumenical_altar_crossroads, serial_corexii_hall,
          chequers_hall_statues_corner_a, corexii_hall_statues_x,
          corexii_hall_statues_l, corexii_hall_statues_l, grunt_ministairs_3,
          uniq_robin

Skill      XL: |  1  2  3 |
---------------+----------+-----
Ranged Weapons | 6 7 |  7.0
Fighting       | |  1.5
Dodging        | |  2.4
Stealth        | |  1.2

Action                     || total
---------------------------++-------
   Fire: Shortbow          ||    98
    Use: Scroll            ||     3
         Potion            ||     2
 Armour: Leather armour    ||    24
  Dodge: Dodged            ||    52
  Block: Other             ||     9

Table legend:
 A = Non-vault XP
 B = Vault XP
 C = Vault XP percentage of total XP
 D = Non-vault monster count
 E = Vault monster count
 F = Vault count percentage of total count
                 A         B        C        D         E       F
            +---------+---------+-------+---------+---------+-------
      Total |      51 |      13 |  20.3 |      31 |       7 |  18.4
            +---------+---------+-------+---------+---------+-------
        D:1 |      29 |       0 |   0.0 |      19 |       0 |   0.0
        D:2 |      21 |       4 |  16.0 |      11 |       2 |  15.4
        D:3 |       1 |       9 |  90.0 |       1 |       5 |  83.3
            +---------+---------+-------+---------+---------+-------
